 Dungeon Crawl Stone Soup version 0.28-a0-1389-gc726bef33b (webtiles) character file.

Game seed: 5445032180255167092

43089 browni3141 the Phalangite (level 14, -1/177 HPs)
             Began as a Merfolk Gladiator on Jan 4, 2022.
             Was an Initiate of Gozag.
             Slain by a black mamba (3 damage)
             ... on level 1 of the Snake Pit.
             The game lasted 00:18:37 (15637 turns).

browni3141 the Phalangite (Merfolk Gladiator)      Turns: 15637, Time: 00:18:38

Health: -1/177     AC: 27    Str: 12    XL:     14   Next: 22%
Magic:  1/14       EV:  2    Int:  7    God:    Gozag
Gold:   3614       SH:  0    Dex: 27    Spells: 13/13 levels left

rFire   + . .      SeeInvis .   b - +0 glaive
rCold   + . .      Faith    .   (shield currently unavailable)
rNeg    . . .      Spirit   .   (armour currently unavailable)
rPois   +          Reflect  .   (helmet currently unavailable)
rElec   .          Harm     .   (cloak currently unavailable)
rCorr   .          Rampage  .   (gloves currently unavailable)
Will    +....      NoTele   +   (boots currently unavailable)
Stlth   ++++......              (no amulet)
HPRegen 0.39/turn               x - +6 ring of dexterity
MPRegen 0.14/turn               z - ring of the Five Ultimatums {rPois rF+ rC+ Str-2}

@: tree-form
A: stationary, stasis, torment immunity, boosted hp, (nimble swimmer 2),
(mertail)
a: Renounce Religion, Potion Petition, Call Merchant, Bribe Branch


You were on level 1 of the Snake Pit.
You worshipped Gozag.
Gozag was most pleased with you.
You were a tree.
You visited 4 branches of the dungeon, and saw 19 of its levels.

You collected 3850 gold pieces.
You spent 130 gold pieces at shops.
You paid 106 gold pieces to Gozag.

Inventory:

Hand Weapons
 a - a +0 trident
 b - a +0 glaive (weapon)
Missiles
 s - 39 poisoned darts (quivered)
Armour
 c - a +2 helmet (melded)
 r - the +4 scale mail of the Orb (melded) {-Tele Regen+ Dex+2 Stlth+}
   (You found it on level 4 of the Dungeon)

   Dex:       It affects your dexterity (+2).
   -Tele:     It prevents most forms of teleportation.
   Regen:     It increases your rate of health regeneration.
   Stlth:     It makes you more stealthy.
 w - a +2 cloak (melded)
 y - a +2 pair of gloves (melded)
 H - a +0 pair of boots (melded)
 L - a +0 leather armour
 S - the +4 ring mail "Soiqisel" {rC++}
   (You found it on level 1 of the Lair of Beasts)

   rC:        It greatly protects you from cold.
Jewellery
 x - a +6 ring of dexterity (left branch)
 z - the ring of the Five Ultimatums (right branch) {rPois rF+ rC+ Str-2}
   (You bought it in a shop on level 1 of the Dungeon)

   [ring of protection from cold]

   Str:       It affects your strength (-2).
   rF:        It protects you from fire.
   rC:        It protects you from cold.
   rPois:     It protects you from poison.
 C - a +4 ring of evasion
 E - a +6 ring of dexterity
 I - a ring of protection from fire
 T - a +4 ring of protection
 Y - a ring of wizardry
 Z - a ring of protection from fire
Wands
 e - a wand of acid (5)
 A - a wand of polymorph (10)
 G - a wand of iceblast (23)
 O - a wand of flame (17)
 Q - a wand of charming (3)
 R - a wand of mindburst (7)
 W - a wand of paralysis (9)
Scrolls
 h - 3 scrolls of noise
 i - 8 scrolls of teleportation
 k - 2 scrolls of immolation
 p - 2 scrolls of vulnerability
 q - 3 scrolls of fog {unknown}
 t - a scroll of amnesia {unknown}
 v - 2 scrolls of magic mapping {unknown}
 B - a scroll of blinking {unknown}
 J - a scroll of torment {unknown}
 K - 3 scrolls of enchant weapon {unknown}
 P - 5 scrolls of identify
 V - 2 scrolls of summoning {unknown}
 X - 2 scrolls of silence {unknown}
Potions
 f - 4 potions of heal wounds {unknown}
 g - 5 potions of lignification
 j - a potion of ambrosia
 l - 2 potions of brilliance {unknown}
 m - 2 potions of magic {unknown}
 n - 2 potions of flight {unknown}
 o - 2 potions of cancellation {unknown}
 u - 4 potions of attraction {unknown}
 D - 6 potions of curing {unknown}
 F - 2 potions of invisibility {unknown}
 M - a potion of might {unknown}
 N - 2 potions of berserk rage {unknown}
 U - a potion of degeneration {unknown}


   Skills:
 + Level 13.2 Fighting
 * Level 22.9 Polearms
 - Level 2.0 Throwing
 + Level 15.7 Dodging
 * Level 7.4 Stealth


You had 13 spell levels left.
You didn't know any spells.
Your spell library contained the following spells:

 Spells                   Type           Power      Damage    Failure   Level
 Apportation              Tloc           0%         N/A       43%         1
 Ensorcelled Hibernation  Hex/Ice        0%         N/A       56%         2
 Scorch                   Fire           0%         2d5       56%         2
 Portal Projectile        Hex/Tloc       0%         N/A       80%         3
 Spider Form              Tmut/Pois      0%         N/A       80%         3
 Airstrike                Air            0%         N/A       99%         4
 Flame Wave               Conj/Fire      0%         2d4       99%         4
 Olgreb's Toxic Radiance  Pois           0%         N/A       99%         4
 Summon Ice Beast         Ice/Summ       0%         N/A       99%         4
 Summon Lightning Spire   Summ/Air       0%         N/A       99%         4
 Alistair's Intoxication  Tmut/Pois      0%         N/A       100%        5
 Blade Hands              Tmut           0%         N/A       100%        5
 Excruciating Wounds      Necr           0%         N/A       100%        5
 Lightning Bolt           Conj/Air       0%         1d11      100%        5
 Summon Mana Viper        Hex/Summ       0%         N/A       100%        5
 Summon Cactus Giant      Summ           0%         N/A       100%        6
 Monstrous Menagerie      Summ           0%         N/A       100%        7
 Ozocubu's Refrigeration  Ice            0%         4d5       100%        7
 Ignition                 Fire           0%         3d3       100%        8


Dungeon Overview and Level Annotations

Branches:
Dungeon (12/15)            Temple (1/1) D:6            Lair (5/6) D:9
  Snake (1/4) Lair:2       Spider (0/4) Lair:2        Slime (0/5) Lair:5
    Orc (0/2) D:11

Altars:
Ashenzari
Cheibriados
Dithmenos
Elyvilon
Fedhas
Gozag
Hepliaklqana
Kikubaaqudgha
Makhleb
Nemelex Xobeh
Okawaru
Qazlal
Ru
Sif Muna
Trog
Uskayaw
Vehumet
Wu Jian
Xom
Yredelemnul
Zin
The Shining One

Shops:
D:1 *   D:3 (   D:6 *

Annotations:
D:11 3 runed translucent doors, exclusion: obsidian statue, Adrian566's ghost, journeyman DrFi


Innate Abilities, Weirdness & Mutations

You are a tree.
Your roots penetrate the ground, keeping you stationary.
You cannot be teleported.
You are immune to unholy pain and torment.
Your maximum health is greatly increased.
Your equipment is partially melded.
((You are very nimble when in or above water. (Stealth+, EV+, Speed+++)))
((Your lower body shifts to a powerful aquatic tail in water.))


Message History

You see here 14 gold pieces.
The mana viper bites you!
* * * LOW HITPOINT WARNING * * *
You feel your power leaking away.
Unknown command.
You barely miss the mana viper. The mana viper barely misses you.
Unknown command.
It was a potion of lignification.
You turn into a tree.
Your +2 cloak melds into your body.
Your +2 helmet melds into your body.
Your +2 pair of gloves melds into your body.
Your +0 pair of boots melds into your body.
The +4 scale mail of the Orb {-Tele Regen+ Dex+2 Stlth+} melds into your body.
Your roots penetrate the ground.
Unknown command.
You barely miss the mana viper.
The mana viper bites you but does no damage.
You hit the mana viper.
The mana viper is lightly wounded.
The black mamba bites you.
* * * LOW HITPOINT WARNING * * *
The mana viper bites you but does no damage.
Unknown command.
You hit the black mamba.
The black mamba is heavily wounded.
The black mamba bites you.
* * * LOW HITPOINT WARNING * * *
The mana viper bites you but does no damage.
The black mamba bites you but does no damage.
Unknown command.
You closely miss the black mamba.
The black mamba is heavily wounded.
The mana viper bites you but does no damage.
The black mamba bites you!
* * * LOW HITPOINT WARNING * * *
Unknown command.
You closely miss the black mamba.
The black mamba is heavily wounded.
The black mamba bites you.
You die...
Your body crumbles into a pile of gold.

.....###...#...#
.#...#.##..# ..#
##..>#...$.#..#
#.......####..#.
.....##..........
##..##.$....##.##
. #.S......#
#.###....#
##..♣#.######.. $
#.!.SS........#
.................#
.................#
.................#
........###..#.###
.......## .##...
......# .. ...
..... #.# .#


You could see a mana viper and a black mamba.

Vanquished Creatures
  A dire elephant (Lair:1)
  A boulder beetle (Lair:4)
  4 hydras
  2 anacondas (Snake:1)
  3 two-headed ogres
  A catoblepas (Lair:4)
  A naga ritualist (Snake:1)
  An ugly thing (D:11)
  27 elephants
  A guardian serpent (Lair:2)
  5 black mambas
  An eye of devastation (Lair:5)
  Maggie (D:6)
  Psyche (D:11)
  A torpor snail (Lair:2)
  An unseen horror (D:11)
  7 cane toads
  2 rime drakes
  5 komodo dragons
  A kobold demonologist (D:12)
  A troll (D:10)
  A polar bear (Lair:1)
  A hornet (Lair:2)
  12 blink frogs
  12 dream sheep
  A vampire (D:11)
  A spriggan (Lair:2)
  5 wyverns
  37 yaks
  A steam dragon (D:9)
  Grum (D:11)
  3 basilisks
  6 water moccasins
  A floating eye (Lair:5)
  6 orc warriors
  3 black bears
  An ice beast (D:8)
  14 wolves
  2 ogres (D:5)
  5 centaurs
  A phantom (D:6)
  7 bullfrogs
  7 scorpions
  A water moccasin zombie (D:5)
  A wyvern skeleton (D:7)
  15 killer bees
  5 wights (D:7)
  A howler monkey (D:10)
  2 centaur zombies
  A jelly (D:7)
  2 centaur skeletons
  A gnoll shaman (D:9)
  8 orc priests
  7 orc wizards
  2 iguanas (D:5)
  Natasha (thrice) (D:3)
  9 adders
  9 gnolls
  2 white imps (D:6)
  6 worms
  2 dart slugs
  35 orcs
  6 ball pythons
  6 endoplasms
  8 giant cockroaches
  12 hobgoblins
  12 jackals
  4 quokkas
  4 bats
  5 frilled lizards
  7 goblins
  3 kobolds
  6 rats
381 creatures vanquished.

Vanquished Creatures (others)
  An orc wizard (D:9)
  An orc (D:9)
  82 fungi
  58 plants
142 creatures vanquished.

Grand Total: 523 creatures vanquished

Notes
Turn   | Place    | Note
-------+----------+-------------------------------------------
     0 | D:1      | browni3141 the Merfolk Gladiator began the quest for the
                  | Orb.
     0 | D:1      | Reached XP level 1. HP: 16/16 MP: 1/1
    24 | D:1      | Found Isixt's Assorted Antiques.
   168 | D:1      | Reached XP level 2. HP: 20/23 MP: 2/2
   254 | D:1      | Reached skill level 5 in Polearms
   346 | D:1      | Found a faded altar of an unknown god.
   653 | D:1      | Reached XP level 3. HP: 28/28 MP: 3/3
  1138 | D:2      | Reached XP level 4. HP: 34/34 MP: 4/4
  1316 | D:2      | Reached skill level 6 in Polearms
  1638 | D:3      | Found Cetiol's Antique Weapon Shoppe.
  1726 | D:3      | You fall into a shaft and drop 1 floor!
  1747 | D:4      | Identified the +4 scale mail of the Orb {-Tele Regen+ Dex+2
                  | Stlth+}
  1861 | D:3      | Noticed Natasha
  1868 | D:3      | Killed Natasha
  1869 | D:3      | Reached skill level 5 in Dodging
  1869 | D:3      | Reached XP level 5. HP: 41/41 MP: 5/5
  1962 | D:3      | Noticed Natasha
  1991 | D:3      | Killed Natasha
  2183 | D:3      | Found a burning altar of Makhleb.
  2254 | D:3      | Reached skill level 7 in Polearms
  2290 | D:3      | Noticed Natasha
  2297 | D:3      | Killed Natasha
  2739 | D:4      | Reached XP level 6. HP: 48/48 MP: 6/6
  2790 | D:4      | Found a broken altar of Ashenzari.
  3143 | D:5      | Entered Level 5 of the Dungeon
  3143 | D:5      | Noticed a black bear
  3160 | D:5      | Killed a black bear
  3161 | D:5      | Reached skill level 8 in Polearms
  3212 | D:5      | Reached XP level 7. HP: 52/55 MP: 7/7
  3282 | D:5      | Reached skill level 9 in Polearms
  3488 | D:5      | Reached skill level 5 in Fighting
  3524 | D:5      | Reached skill level 10 in Polearms
  3524 | D:5      | Reached XP level 8. HP: 50/62 MP: 8/8
  3775 | D:6      | Noticed Maggie
  3788 | D:6      | Killed Maggie
  3931 | D:6      | Found Yjigeips's Assorted Antiques.
  3990 | D:6      | Reached skill level 11 in Polearms
  4046 | D:6      | Found a staircase to the Ecumenical Temple.
  4472 | Temple   | Entered the Ecumenical Temple
  4939 | Temple   | Became a worshipper of Gozag Ym Sagoz the Greedy
  5555 | D:7      | Reached skill level 12 in Polearms
  5555 | D:7      | Reached XP level 9. HP: 63/71 MP: 9/9
  6483 | D:8      | Reached skill level 13 in Polearms
  6575 | D:8      | Found a snail-covered altar of Cheibriados.
  6725 | D:9      | Reached skill level 14 in Polearms
  6731 | D:9      | Reached XP level 10. HP: 44/80 MP: 10/10
  6741 | D:9      | Reached skill level 10 in Dodging
  6773 | D:9      | Found a staircase to the Lair.
  7009 | D:9      | Found a sacrificial altar of Ru.
  7037 | D:9      | Reached skill level 15 in Polearms
  7186 | D:9      | Found a hide-covered altar of Uskayaw.
  7351 | Lair:1   | Entered Level 1 of the Lair of Beasts
  7876 | Lair:1   | Reached skill level 16 in Polearms
  8121 | Lair:1   | Identified the +4 ring mail "Soiqisel" {rC++}
  8154 | Lair:2   | Noticed an eight-headed hydra
  8155 | Lair:2   | Noticed an eight-headed hydra
  8211 | Lair:2   | Noticed an elephant
  8211 | Lair:2   | Noticed an elephant
  8212 | Lair:2   | Noticed an elephant
  8215 | Lair:2   | Noticed an elephant
  8222 | Lair:2   | Noticed an elephant
  8226 | Lair:2   | Noticed an elephant
  8237 | Lair:2   | Noticed an elephant
  8238 | Lair:2   | Noticed an elephant
  8240 | Lair:2   | Noticed an elephant
  8240 | Lair:2   | Noticed an elephant
  8240 | Lair:2   | Noticed an elephant
  8240 | Lair:2   | Noticed an elephant
  8240 | Lair:2   | Noticed an elephant
  8241 | Lair:2   | Noticed an elephant
  8242 | Lair:2   | Noticed an elephant
  8268 | Lair:2   | Reached XP level 11. HP: 82/89 MP: 11/11
  8300 | Lair:2   | Noticed a dire elephant
  8311 | Lair:2   | Reached skill level 17 in Polearms
  8503 | Lair:1   | Killed a dire elephant
  8504 | Lair:1   | Reached skill level 10 in Fighting
  8528 | Lair:1   | Reached skill level 18 in Polearms
  8684 | Lair:2   | Reached XP level 12. HP: 85/99 MP: 12/12
  8691 | Lair:2   | Reached skill level 19 in Polearms
  8900 | Lair:2   | Found a staircase to the Snake Pit.
  8919 | Lair:2   | Noticed an eight-headed hydra
  9025 | Lair:1   | Killed an eight-headed hydra
  9117 | Lair:2   | Killed an eight-headed hydra
  9144 | Lair:2   | Reached skill level 20 in Polearms
  9551 | Lair:2   | Killed an eight-headed hydra
  9680 | Lair:2   | Found a hole to the Spider Nest.
 10145 | Lair:3   | Reached skill level 21 in Polearms
 10250 | Lair:3   | Reached XP level 13. HP: 108/108 MP: 13/13
 10961 | Lair:4   | Reached skill level 1 in Stealth
 11993 | Lair:5   | Found a staircase to the Slime Pits.
 12002 | Lair:5   | Paralysed by a floating eye for 3 turns
 12114 | Lair:5   | Reached skill level 15 in Dodging
 12157 | Lair:5   | Reached skill level 22 in Polearms
 12554 | Lair:5   | Reached skill level 5 in Stealth
 12985 | D:10     | Entered Level 10 of the Dungeon
 13205 | D:10     | Found a flagged portal.
 13271 | D:10     | Found a stormy altar of Qazlal.
 13280 | D:10     | Found a glowing golden altar of the Shining One.
 13498 | D:10     | Found a radiant altar of Vehumet.
 13800 | D:11     | Found a staircase to the Orcish Mines.
 13976 | D:11     | Noticed Grum
 13984 | D:11     | Killed Grum
 13999 | D:11     | Noticed Psyche
 14007 | D:11     | Reached XP level 14. HP: 116/116 MP: 14/14
 14010 | D:11     | Killed Psyche
 14054 | D:11     | Noticed Adrian566's ghost (journeyman DrFi)
 14193 | D:11     | Found a runed translucent gate.
 14193 | D:11     | Found a runed translucent gate.
 14193 | D:11     | Found a runed translucent gate.
 14197 | D:11     | Identified the ring "Liemutaa" {Fly rC- rN+++ Int-5 Dex+4}
 14731 | D:11     | Identified the +4 ring mail "Qakhler" {Rampage rElec rN+
                  | Int-5}
 15172 | D:1      | Bought a fine wooden ring for 130 gold pieces
 15172 | D:1      | Identified the ring of the Five Ultimatums {rPois rF+ rC+
                  | Str-2} (You bought it in a shop on level 1 of the Dungeon)
 15403 | Snake:1  | Entered Level 1 of the Snake Pit
 15636 | Snake:1  | HP: 2/177 [black mamba (8)]
 15637 | Snake:1  | Slain by a black mamba

Illustrated notes

Levels and vault maps discovered:
D:1:      dpeg_arrival_refuge, layout_loops_ring,
          hellmonk_ecumenical_altar_heavens_door, serial_shops,
          nicolae_square_shop
D:2:      cheibrodos_old_hovel, layout_basic, nrook_mini_vaults
D:3:      layout_basic, mainiacjoe_overflow_chevrons, serial_shops, shop,
          uniq_natasha
D:4:      layout_cave_pods, mainiacjoe_overflow_surrounded_room,
          serial_bayou_pond_d
D:5:      layout_cave_pools
D:6:      layout_basic, minmay_temple_entry_large_hall, serial_shops,
          nicolae_shop_hallway_plus, corner_web_ring, uniq_maggie
D:7:      layout_layer_cave
D:8:      layout_cave_pods, general_overflow_altar,
          chequers_serial_rivers_small_b
D:9:      layout_loops_ring, nicolae_uskayaw_dance_hall,
          nicolae_ru_sacrificial_ziggurat, minmay_lair_entry_grove
D:10:     layout_basic, minitemple, nicolae_vehumet_altar_sigil, enter_bailey_3
D:11:     layout_loops_ring, orc_0_dummy, maelrawn_ghost_gauntlet_escape,
          minivault_16, uniq_grum, uniq_psyche
D:12:     layout_big_octagon, hellmonk_ghost_happy_afterlife
Temple:   eino_temple_water
Lair:1:   layout_gridlike, st_stairs_3, chequers_serial_rivers_small_3
Lair:2:   mu_elephants_graveyard, layout_loops_ring,
          minmay_snake_entry_spellcaster, nicolae_spider_entry_non_spiders,
          chequers_serial_rivers_micro_e
Lair:3:   layout_long_grid, infiniplex_staircase_pool
Lair:4:   layout_hall_layers, grunt_megastairs_2
Lair:5:   layout_regular_city, minmay_slime_entry_eyes, lemuel_fruit_tree
Snake:1:  layout_honeycomb, serial_shops,
          nicolae_shop_competitors_out_of_business,
          nicolae_snake_slithery_corners, drop_trap,
          nicolae_snake_gridmaze_spiral

Skill      XL: |  1  2  3  4  5  6  7  8  9 10 11 12 13 14 |
---------------+-------------------------------------------+-----
Polearms       | 5 6 7 8 10 12 14 16 18 21 22 | 22.9
Fighting       | 3 4 5 6 7 9 10 12 13 | 13.2
Dodging        | 5 6 8 9 11 12 14 15 | 15.7
Stealth        | 6 7 |  7.4
Throwing       | |  2.0

Action                   |  1- 3 |  4- 6 |  7- 9 | 10-12 | 13-15 || total
-------------------------+-------+-------+-------+-------+-------++-------
Melee: Trident           |   104 |   225 |       |   102 |     9 ||   440
       Halberd           |       |       |   223 |       |       ||   223
       Glaive            |       |       |    94 |   629 |   610 ||  1333
Throw: Throwing net      |       |     2 |     2 |       |     3 ||     7
       Dart              |       |       |     4 |       |       ||     4
Evoke: Wand              |       |       |       |     4 |     2 ||     6
  Use: Potion            |     1 |       |       |       |     1 ||     2
       Scroll            |       |     1 |     9 |     1 |     1 ||    12
 Stab: Sleeping          |     1 |     5 |     3 |     1 |     8 ||    18
       Distracted        |     1 |       |     2 |     6 |    14 ||    23
       Held in net/web   |       |     1 |     2 |       |     4 ||     7
       Fleeing           |       |       |       |     1 |     1 ||     2
Armor: Leather armour    |    18 |     3 |       |       |       ||    21
       Scale mail        |       |    74 |    82 |   262 |   141 ||   559
       Skin              |       |       |       |       |     5 ||     5
Dodge: Dodged            |    46 |   144 |   236 |   911 |   521 ||  1858

Table legend: (Time is in decaauts)
 A = Elapsed time spent in this place.
 B = Non-inter-level travel time spent in this place.
 C = Inter-level travel time spent in this place.
 D = Time resting spent in this place.
 E = Time spent auto-exploring this place.
 F = Levels seen in this place.
 G = Mean time per level.
                   A        B        C        D        E       F      G
               +--------+--------+--------+--------+--------+-----+--------+
         Total |  15103 |  13970 |   1133 |    151 |  10653 |  19 |  794.9 |
       Dungeon |   9179 |   8403 |    776 |     91 |   6530 |  12 |  764.9 |
        Temple |    309 |    264 |     45 |      0 |    253 |   1 |  309.0 |
          Lair |   5400 |   5090 |    310 |     60 |   3737 |   5 | 1080.0 |
     Snake Pit |    213 |    213 |      0 |      0 |    133 |   1 |  213.0 |
               +--------+--------+--------+--------+--------+-----+--------+

Top non-repeatable levels by time:
  Lair:2: 1352 daAuts
  Lair:1: 1125 daAuts
    D:11: 1045 daAuts
  Lair:5: 1040 daAuts
  Lair:3: 1009 daAuts
     D:1: 926 daAuts
     D:8: 891 daAuts
     D:7: 878 daAuts
     D:3: 873 daAuts
  Lair:4: 873 daAuts
     D:4: 832 daAuts
    D:10: 788 daAuts
     D:9: 756 daAuts
     D:6: 748 daAuts
     D:2: 710 daAuts
